 Dungeon Crawl Stone Soup version 0.23-a0-87-g5f73bc1 (webtiles) character file.

16 KristoblXynda the Vandal (level 2, -2/18 HPs)
             Began as a Halfling Arcane Marksman on Aug 15, 2018.
             Slain by a goblin
             ... wielding a +1 dagger of electrocution
              (17 damage)
             ... on level 1 of the Dungeon.
             The game lasted 00:01:17 (395 turns).

KristoblXynda the Vandal (Halfling Arcane Marksman)  Turns: 395, Time: 00:01:18

Health: -2/18      AC:  2    Str: 11    XL:     2   Next: 70%
Magic:  3/3        EV: 15    Int: 11    God:
Gold:   0          SH:  0    Dex: 14    Spells: 2/3 levels left

rFire    . . .     SeeInvis .   c - +0 dagger (venom)
rCold    . . .     Gourm    .   (shield restricted)
rNeg     . . .     Faith    .   e - +0 robe
rPois    .         Spirit   .   (no helmet)
rElec    .         Reflect  .   (no cloak)
rCorr    .         Harm     .   (no gloves)
MR       .....                  (no boots)
Stlth    +.........             (no amulet)
HPRegen  0.06/turn              (no ring)
MPRegen  0.08/turn              (no ring)

@: no status effects
A: small, mutation resistance 1
a: no special abilities


You were on level 1 of the Dungeon.
You were not hungry.

You visited 1 branch of the dungeon, and saw 1 of its levels.

Inventory:

Hand Weapons
 a - a +0 hunting sling
 c - a +0 dagger of venom (weapon)
Missiles
 d - 19 sling bullets
 j - 25 stones (quivered)
Armour
 e - a +0 robe (worn)
Jewellery
 g - an uncursed amulet of the gourmand {unknown}
Scrolls
 b - a scroll of remove curse {unknown}
 h - a scroll of identify {unknown}
Potions
 i - a potion of heal wounds {unknown}
Comestibles
 f - 2 rations


   Skills:
 - Level 0.8 Fighting
 + Level 0.8 Short Blades
 + Level 3.5 Slings
 + Level 2.5 Dodging
 - Level 1.0 Spellcasting
 + Level 2.6 Hexes


You had 2 spell levels left.
You knew the following spells:

 Your Spells              Type           Power        Failure   Level  Hunger
a - Corona                Hex            #......      11%         1    ##.....

Your spell library contained the following spells:

 Spells                   Type           Power        Failure   Level  Hunger
 Cause Fear               Hex            #.........   73%         4    #####..
 Slow                     Hex            #.......     17%         2    ###....
 Portal Projectile        Hex/Tloc       #.....       50%         3    ####...
 Leda's Liquefaction      Hex/Erth       #.........   88%         4    #####..
 Inner Flame              Hex/Fire       #.......     50%         3    ####...


Dungeon Overview and Level Annotations

Branches:
Dungeon (1/15)

Altars:


Innate Abilities, Weirdness & Mutations

You are small and have problems with some larger weapons.
You are somewhat resistant to further mutation.


Message History

The dart slug bites you.
You hit the dart slug.
The dart slug is poisoned.
The dart slug is lightly wounded.
The dart slug launches a dart at you. The slug dart hits you!
You hit the dart slug.
The dart slug looks even sicker.
The dart slug is severely wounded.
You kill the dart slug!
You see here a dart slug corpse.
You see here a dart slug corpse.
You see here 27 arrows.
A goblin and a kobold come into view.
The goblin is wielding a dagger of electrocution.
Found a dented peridot amulet.
There are monsters nearby!
There are monsters nearby!
The goblin shouts!
The kobold shouts!
The goblin hits you but does no damage.
You are electrocuted!
Ouch! That really hurt!
You die...

#.### ##.### #...# #....##
###.# ##.#..## #.# ###...# #
##.## #### #.#.# ## ##...##
##<.# ##...
.#####.#.#.#########...##.##
#... #..†....(............#
##.######
.###...#.#..####@###.#
#...###. ## #..#...#.# #g#
##...... # #..##.##.# #.K
####.## #..#.#.#.# #."# #..#
#...###..# #..# #.## #..##
##.# #..# .#
#...###..####..# ##
#^...#..........
#####.##.#####.


You could see a goblin and a kobold.

Vanquished Creatures
  A dart slug (D:1)
  A leopard gecko (D:1)
  2 bats (D:1)
  2 goblins (D:1)
  4 jackals (D:1)
  A frilled lizard (D:1)
11 creatures vanquished.

Notes
Turn   | Place    | Note
-------+----------+-------------------------------------------
     0 | D:1      | KristoblXynda the Halfling Arcane Marksman began the quest for the Orb.
     0 | D:1      | Reached XP level 1. HP: 12/12 MP: 2/2
   173 | D:1      | Reached XP level 2. HP: 18/18 MP: 3/3
   395 | D:1      | Slain by a goblin

Vault maps used:
D:1:      lemuel_arrival_tunnels, ashenzari_altar_1

Action                   || total
-------------------------++-------
Melee: Dagger            ||    33
 Fire: Hunting sling     ||     6
Armor: Robe              ||     5
Dodge: Dodged            ||    26

Table legend:
 A = Non-vault XP
 B = Vault XP
 C = Vault XP percentage of total XP
 D = Non-vault monster count
 E = Vault monster count
 F = Vault count percentage of total count
 G = Total turns spent on level
                 A         B        C        D         E       F
            +---------+---------+-------+---------+---------+-------
      Total |      23 |       0 |   0.0 |      11 |       0 |   0.0
            +---------+---------+-------+---------+---------+-------
        D:1 |      23 |       0 |   0.0 |      11 |       0 |   0.0
            +---------+---------+-------+---------+---------+-------
